 Dungeon Crawl Stone Soup version 0.27-a0-242-ge0fc76b88b (webtiles) character file.

Game seed: 7358008723281057383

2242 Borgoz the Slasher (level 9, -3/75 HPs)
             Began as a Ghoul Gladiator on Feb 3, 2021.
             Was an Initiate of Ashenzari.
             Slain by Harold
             ... wielding a +0 hand axe
              (8 damage)
             ... on level 7 of the Dungeon.
             The game lasted 00:13:50 (7495 turns).

Borgoz the Slasher (Ghoul Gladiator)                Turns: 7495, Time: 00:13:51

Health: -3/75      AC:  9    Str: 24    XL:     9   Next: 37%
Magic:  8/8        EV: 14    Int:  3    God:    Ashenzari [......]
Gold:   288        SH:  0    Dex: 13    Spells: 8/8 levels left

rFire    + + .     SeeInvis .   a - +1 long sword
rCold    + . .     Faith    .   (no shield)
rNeg     + + +     Spirit   .   x - +3 leather armour {rF+}
rPois    ∞         Reflect  .   s - +0 helmet
rElec    .         Harm     .   (no cloak)
rCorr    .         Rampage  .   n - +0 pair of gloves
Will     .....                  (no boots)
Stlth    +.........             (no amulet)
HPRegen  0.00/turn              i - +6 ring of strength
MPRegen  0.11/turn              u - ring of protection from fire

@: marked
A: claws 1, cold resistance 1, negative energy resistance 3, inhibited
regeneration, torment resistance, unbreathing
a: Renounce Religion, Curse Item


You were on level 7 of the Dungeon.
You worshipped Ashenzari.
Ashenzari was noncommittal.
You visited 2 branches of the dungeon, and saw 8 of its levels.

You collected 288 gold pieces.

Inventory:

Hand Weapons
 a - a +1 long sword (weapon)
 b - a +2 rapier of electrocution
Armour
 n - a +0 pair of gloves (worn)
 s - a +0 helmet (worn)
 x - a +3 leather armour of fire resistance (worn)
Jewellery
 e - an uncursed ring of ice
 i - a +6 ring of strength (left hand)
 u - a ring of protection from fire (right hand)
 y - an uncursed ring of protection from cold
Scrolls
 g - 2 scrolls of remove curse
 l - a scroll of fog {unknown}
 o - a scroll of enchant weapon
 p - 2 scrolls of identify
 r - 3 scrolls of teleportation
 t - a scroll of blinking
 v - a scroll of enchant armour
 w - a scroll of fear
Potions
 c - a potion of degeneration {unknown}
 f - a potion of might
 h - a potion of curing
 j - 2 potions of brilliance
 k - a potion of cancellation
 m - 2 potions of ambrosia
 q - a potion of berserk rage {unknown}


   Skills:
 + Level 6.2 Fighting
 * Level 7.5 Long Blades
 - Level 1.7 Throwing
 + Level 4.8 Armour
 + Level 5.6 Dodging


You had 8 spell levels left.
You didn't know any spells.
Your spell library contained the following spells:

 Spells                   Type           Power        Failure   Level
 Confusing Touch          Hex            0%           90%         3
 Gell's Gravitas          Tloc           0%           90%         3
 Petrify                  Tmut/Erth      0%           100%        4
 Metabolic Englaciation   Hex/Ice        0%           100%        5
 Yara's Violent Unravell  Hex/Tmut       0%           100%        5


Dungeon Overview and Level Annotations

Branches:
Dungeon (7/15)             Temple (1/1) D:5

Altars:
Ashenzari
Cheibriados
Elyvilon
Fedhas
Hepliaklqana
Kikubaaqudgha
Nemelex Xobeh
Okawaru
Qazlal
Ru
Sif Muna
Trog
Vehumet
Wu Jian
Xom
The Shining One

Annotations:
D:6 3 runed translucent doors, kae's ghost, novice HOFi
D:7 Harold


Innate Abilities, Weirdness & Mutations

You thrive by killing the living.
You are immune to poison.
You have sharp fingernails.
Your flesh is cold resistant. (rC+)
You are immune to negative energy. (rN+++)
You do not regenerate when monsters are visible.
You are immune to unholy pain and torment.
You can survive without breathing.


Message History

You slash Harold!
Harold is almost dead.
The ice beast hits you but does no damage.
You closely miss Harold.
Harold is almost dead.
Harold misses you.
You riposte.
You hit Harold.
Harold is almost dead.
The ice beast barely misses you.
You riposte.
You hit the ice beast.
The ice beast is almost dead.
You hit Harold but do no damage.
Harold is almost dead.
Harold hits you with a +0 hand axe!
* * * LOW HITPOINT WARNING * * *
The ice beast barely misses you.
You riposte.
You hit the ice beast.
You kill the ice beast!
You hit Harold but do no damage.
Harold is almost dead.
Harold casts a spell at you. The mark upon you grows brighter.
Harold hits you with a +0 hand axe!
You die...

[$..#..# ......##
.......# ......#
......#.. #.......
#######@..# .
#.#....@.##.... ###
##..............
#..##......#.#......
..#...##.....#.#......
.........##....# .....
...............##...#.
####.#.......(.. ..# #
##.......##....
##.......#...


You could see Harold.

Vanquished Creatures
  A hornet (D:4)
  Sigmund (D:5)
  Eustachio (D:5)
  Menkaure (D:6)
  Duvessa (D:4)
  An orc warrior (D:6)
  An ice beast (D:7)
  An ogre (D:6)
  A centaur (D:5)
  Blork the orc (D:5)
  2 bullfrogs (D:6)
  Dowan (D:4)
  2 scorpions
  A jelly (D:7)
  2 hounds
  2 orc priests (D:4)
  A gnoll shaman (D:6)
  Jessica (D:3)
  Natasha (thrice) (D:2)
  Terence (D:3)
  4 orc wizards
  3 worker ants (D:4)
  8 gnolls
  11 adders
  A shadow imp (D:6)
  2 oozes
  4 worms
  4 dart slugs
  5 leopard geckos
  21 orcs
  10 giant cockroaches
  10 goblins
  15 hobgoblins
  7 jackals
  3 quokkas
  2 ball pythons
  5 bats
  2 frilled lizards
  17 kobolds
  2 leopard gecko skeletons (D:4)
  5 rats
167 creatures vanquished.

Vanquished Creatures (others)
  An orc wizard (D:4)
  8 plants
  4 toadstools (D:1)
13 creatures vanquished.

Grand Total: 180 creatures vanquished

Notes
Turn   | Place    | Note
-------+----------+-------------------------------------------
     0 | D:1      | Borgoz the Ghoul Gladiator began the quest for the Orb.
     0 | D:1      | Reached XP level 1. HP: 17/17 MP: 0/0
   174 | D:1      | Reached XP level 2. HP: 25/25 MP: 1/1
   206 | D:1      | Reached skill level 3 in Long Blades
   714 | D:1      | Reached XP level 3. HP: 26/30 MP: 2/2
  1048 | D:2      | Noticed Natasha
  1060 | D:2      | Killed Natasha
  1061 | D:2      | Reached skill level 1 in Armour
  1156 | D:2      | Noticed Natasha
  1161 | D:2      | Killed Natasha
  1162 | D:2      | Reached XP level 4. HP: 21/37 MP: 3/3
  1661 | D:2      | Reached XP level 5. HP: 42/45 MP: 4/4
  1671 | D:2      | Noticed Natasha
  1698 | D:2      | Killed Natasha
  1699 | D:2      | Found a sacrificial altar of Ru.
  2337 | D:3      | Reached skill level 4 in Long Blades
  2909 | D:3      | Reached XP level 6. HP: 21/51 MP: 5/5
  3193 | D:3      | Noticed Jessica
  3203 | D:3      | Killed Jessica
  3391 | D:3      | Noticed Terence
  3400 | D:3      | Killed Terence
  3775 | D:4      | Noticed a hornet
  3781 | D:4      | Killed a hornet
  3782 | D:4      | Reached skill level 5 in Long Blades
  3782 | D:4      | Reached XP level 7. HP: 30/59 MP: 6/6
  4323 | D:4      | Noticed Duvessa
  4325 | D:4      | Noticed Dowan
  4356 | D:4      | Killed Duvessa
  4360 | D:4      | Killed Dowan
  4650 | D:4      | Found a white marble altar of Elyvilon.
  4660 | D:4      | Reached XP level 8. HP: 63/67 MP: 7/7
  5190 | D:5      | Entered Level 5 of the Dungeon
  5227 | D:5      | Noticed Blork the orc
  5242 | D:5      | Killed Blork the orc
  5243 | D:5      | Reached skill level 5 in Fighting
  5243 | D:5      | Reached skill level 6 in Long Blades
  5414 | D:5      | Found a staircase to the Ecumenical Temple.
  5430 | Temple   | Entered the Ecumenical Temple
  5491 | Temple   | Became a worshipper of Ashenzari the Shackled
  5863 | D:5      | Noticed Sigmund
  5889 | D:5      | Killed Sigmund
  6062 | D:5      | Noticed Eustachio
  6079 | D:5      | Killed Eustachio
  6080 | D:5      | Reached skill level 5 in Dodging
  6362 | D:6      | Found a runed translucent gate.
  6362 | D:6      | Found a runed translucent gate.
  6362 | D:6      | Found a runed translucent gate.
  6363 | D:6      | Found a sparkling altar of Nemelex Xobeh.
  6392 | D:6      | Noticed a yak
  6393 | D:6      | Noticed kae's ghost (novice HOFi)
  6425 | D:6      | Reached skill level 7 in Long Blades
  6425 | D:6      | Reached XP level 9. HP: 55/75 MP: 8/8
  7159 | D:6      | Found a hazy altar of Hepliaklqana.
  7351 | D:6      | Noticed Menkaure
  7354 | D:6      | Killed Menkaure
  7471 | D:7      | Noticed Harold
  7495 | D:7      | Slain by Harold

Illustrated notes

Levels and vault maps discovered:
D:1:      ldierk_water_garden, layout_rooms, st_stairs_8, chequers_big_river
D:2:      layout_basic, lemuel_crystal_altar, small_statue_intersection,
          serial_bayou_pond_c, uniq_natasha
D:3:      layout_basic, serial_glass, glass_columns_c, glass_columns_a,
          item_on_display_a, feat_on_display, roderic_serpentine_path,
          minmay_fractal_squares_5, uniq_jessica, uniq_terence
D:4:      corexii_shantytown, layout_basic, elyvilon_altar_3, uniq_duvessa
D:5:      layout_gridville, minmay_temple_entry_mist, uniq_eustachio,
          uniq_blork_the_orc, uniq_sigmund
D:6:      layout_basic, lemuel_round_altar, kennysheep_mini,
          gammafunk_ghost_split, st_stairs_12, uniq_menkaure
D:7:      layout_cave_pools, lemuel_doored_altar, kennysheep_nub, uniq_maggie,
          uniq_harold
Temple:   minmay_temple_bridge_abc

Skill      XL: |  1  2  3  4  5  6  7  8  9 |
---------------+----------------------------+-----
Long Blades    | 3 4 5 7 |  7.5
Dodging        | 3 4 5 |  5.6
Armour         | 1 2 3 4 |  4.8
Fighting       | 3 4 5 6 |  6.2
Throwing       | |  1.7

Action                   |  1- 3 |  4- 6 |  7- 9 || total
-------------------------+-------+-------+-------++-------
Melee: Long sword        |    74 |   187 |   359 ||   620
       Rapier            |       |     6 |    22 ||    28
Throw: Throwing net      |       |     3 |     3 ||     6
  Use: Potion            |       |     3 |    11 ||    14
       Scroll            |       |       |    10 ||    10
 Stab: Invisible         |       |       |     3 ||     3
       Sleeping          |       |       |     2 ||     2
       Held in net/web   |       |       |     1 ||     1
Armor: Leather armour    |    13 |    43 |   118 ||   174
Dodge: Dodged            |    46 |   144 |   301 ||   491
       Rpst.: Long sword |    12 |    67 |    79 ||   158

Table legend: (Time is in decaauts)
 A = Elapsed time spent in this place.
 B = Non-inter-level travel time spent in this place.
 C = Inter-level travel time spent in this place.
 D = Time resting spent in this place.
 E = Time spent auto-exploring this place.
 F = Levels seen in this place.
 G = Mean time per level.
                   A        B        C        D        E       F      G
               +--------+--------+--------+--------+--------+-----+--------+
         Total |   7604 |   7424 |    180 |   1756 |   4130 |   8 |  950.5 |
       Dungeon |   7381 |   7224 |    157 |   1756 |   3951 |   7 | 1054.4 |
        Temple |    222 |    199 |     23 |      0 |    179 |   1 |  222.0 |
               +--------+--------+--------+--------+--------+-----+--------+

Top non-repeatable levels by time:
     D:4: 1699 daAuts
     D:2: 1354 daAuts
     D:3: 1242 daAuts
     D:6: 1080 daAuts
     D:1: 989 daAuts
     D:5: 952 daAuts
  Temple: 222 daAuts
     D:7: 63 daAuts
